Match 43791608
Unlisted

Match 43791608
End
Pioneer Squad
Construct Infanterie Kompanie
Grenadier Squad
Selects Breakthrough Battlegroup
Selects Assault Grenadiers
Grenadier Squad
MG 42 Machine Gun Team
Construct Luftwaffe Kompanie
Jäger Squad
Flak 30 Anti-aircraft Gun Team
Selects Breakthrough
Selects Mechanized Assault Group
Breakthrough
Support Elements
Selects Rapid Production
Wirbelwind Flakpanzer
Medical Bunker
Wirbelwind Flakpanzer
Jäger Squad
Selects Blitzkrieg
Side Skirts
Breakthrough
Marder III M Tank Destroyer
Goodvyn
Shitmatchking
0
0

Comments sign in to comment!

No comments posted yet!